 Dungeon Crawl Stone Soup version 0.14.0-26-g1682e81 (webtiles) character file.

113904 Heini the Executioner (level 16, 0/155 HPs)
             Began as a Hill Orc Fighter on Apr 26, 2014.
             Was the Champion of Okawaru.
             Slain by an apocalypse crab (9 damage)
             ... on Level 1 of the Abyss.
             The game lasted 03:06:34 (32588 turns).

Heini the Executioner (Hill Orc Fighter)           Turns: 32588, Time: 03:06:34

HP   0/155       AC 41     Str 29      XL: 16   Next: 61%
MP  21/21        EV  6     Int  8 (11) God: Okawaru [******]
Gold 1210        SH 20     Dex 10      Spells:  0 memorised, 15 levels left

rFire  . . .     SeeInvis +     m - +4 war axe (flame)
rCold  . . .     Clarity  .     M - +13 plate armour of Cruelyunn {Int+3 Acc+5}
rNeg   + + .     Conserve .     c - +0 shield
rPois  +         rCorr    .     r - +2 helmet "Koshroink" {Str+3 SInv}
rElec  .         rRot     .     q - +2 cloak {rPois}
SustAb . .       Spirit   .     Z - +0 pair of gloves
rMut   .         Warding  +     U - +0 pair of boots
Saprov + . .     Stasis   .     H - amulet of warding
MR     +....                    D - ring of regeneration
                                J - ring "Vaenuek" {rPois rN+ Stlth++}

@: lethally poisoned, glowing, flayed, somewhat resistant to hostile
enchantments, extremely unstealthy
A: carnivore 2, saprovore 1
a: Heroism, Finesse, Renounce Religion


You were on level 1 of the Abyss.
You worshipped Okawaru.
Okawaru was exalted by your worship.
You were full.

You visited 5 branches of the dungeon, and saw 30 of its levels.
You visited the Abyss 1 time.
You visited 1 bazaar.
You also visited: Bailey.

You collected 3007 gold pieces.
You spent 1797 gold pieces at shops.

Inventory:

Hand weapons
 m - a +4,+4 war axe of flaming (weapon)
 S - a +0,+1 battleaxe
 X - a +4,+0 broad axe of electrocution
Armour
 c - a +0 shield (worn)
 q - a +2 cloak of poison resistance (worn)
 r - the +2 helmet "Koshroink" (worn) {Str+3 SInv}
   (Okawaru gifted it to you on level 2 of the Lair of Beasts)

   It affects your strength (+3).
   It enhances your eyesight.
 G - a +2 robe of fire resistance
 M - the +13 plate armour of Cruelyunn (worn) {Int+3 Acc+5}
   (Okawaru gifted it to you on level 7 of the Lair of Beasts)

   It affects your intelligence (+3).
   It affects your accuracy with ranged weapons and melee attacks (+5).
 U - a +0 pair of boots (worn)
 Z - a +0 pair of gloves (worn)
Magical devices
 x - a wand of lightning (4)
 y - a wand of confusion (7)
 I - a wand of digging (15)
 Q - a wand of teleportation (3)
Comestibles
 a - an apple
 d - 8 meat rations
 h - 10 bread rations
 p - 5 chokos
 F - a pear
Scrolls
 e - 5 scrolls of remove curse
 l - 4 scrolls of teleportation
 s - 2 scrolls of fog
 w - 3 scrolls of fear
 N - a scroll of magic mapping
Jewellery
 b - an uncursed ring of protection from cold
 f - a +2 ring of protection
 n - an uncursed ring of flight
 C - an uncursed amulet of stasis
 D - a ring of regeneration (right hand)
 H - an amulet of warding (around neck)
 J - the ring "Vaenuek" (left hand) {rPois rN+ Stlth++}
   (You bought it in a shop in a bazaar)

   [ring of positive energy]

   It protects you from poison.
   It makes you much more stealthy.
 L - an uncursed ring of teleportation
 V - a +6 ring of evasion
Potions
 g - 5 potions of agility
 i - a potion of strong poison
 j - 14 potions of curing
 k - 5 potions of restore abilities
 o - 3 potions of haste
 t - 3 potions of heal wounds
 v - 3 potions of resistance
 z - 3 potions of invisibility
 A - a potion of magic
 B - 3 potions of brilliance
 E - a potion of flight
 O - a potion of might
 P - a potion of berserk rage
Books
 R - a book of Battle

   Spells                             Type                      Level
   Infusion                           Charms                       1
   Shroud of Golubria                 Charms/Translocation         2
   Song of Slaying                    Charms                       2
   Spectral Weapon                    Hexes/Charms                 3
   Regeneration                       Charms/Necromancy            3
Miscellaneous
 u - a plain deck of changes {Water}
 K - an ornate deck of changes


   Skills:
 * Level 17.3 Fighting
 * Level 23.4 Axes
 * Level 15.8 Armour
 - Level 3.4 Shields
 + Level 2.9 Invocations
 + Level 1.6 Evocations


You had 15 spell levels left.
You didn't know any spells.

Dungeon Overview and Level Annotations

Branches:
Dungeon (14/15)            Temple (1/1) D:4             Orc (4/4) D:9
    Elf (0/3) Orc:4          Lair (7/8) D:10         Shoals (0/5) Lair:5
  Snake (4/5) Lair:3        Slime (0/6) Lair:6       Vaults (0/5) D:13

Altars:
Ashenzari
Cheibriados
Dithmenos
Elyvilon
Fedhas
Kikubaaqudgha
Makhleb
Nemelex Xobeh
Okawaru
Sif Muna
Trog
Vehumet
Xom
Yredelemnul
Zin
The Shining One
Beogh
Jiyva

Shops:
D:10 (   D:12 (*=?   Orc:1 %   Orc:3 :   Orc:4 !=!(   Snake:1 :   Snake:2 %


Innate Abilities, Weirdness & Mutations

You can tolerate rotten meat.
Your digestive system is highly specialised to digest meat.


Message History

The deep dwarf death knight struggles to get unstuck from the web.
The apocalypse crab struggles to get unstuck from the web.
The naga struggles to get unstuck from the web.
You block the spatial maelstrom's attack. x2
The phantasmal warrior hits you!
* * * LOW HITPOINT WARNING * * *
The naga spits poison at you. The splash of poison hits you!
You are more poisoned.
You block the guardian serpent's attack.
You feel sick.
The deep dwarf death knight struggles to get unstuck from the web.
The apocalypse crab tears the web.
The naga tears the web.
The phantasmal warrior closely misses you.
The guardian serpent casts a spell.
The apocalypse crab blinks!
The spatial vortex blinks!
The apocalypse crab bites you.
* * * LOW HITPOINT WARNING * * *
Space warps horribly around you!
You die...

## .. # #. #. #. #
#..#.## Y.## # #.t@##
#33.###..##.
#...#AWv##.uX.##.≈.##
## #.S.v##.####...##
# ###...#####§...##.#
#vvNq###.. .... .
####p.§.... .##.
#.#............
#.#§.....#..#.#
.##.§........ .


You could see a daeva, a deep dwarf death knight (webbed), a spatial maelstrom,
a flayed ghost, 3 spatial vortices, an apocalypse crab, a phantasmal warrior, a
guardian serpent and a naga.

Vanquished Creatures
  3 tentacled starspawn (Abyss:1)
  Kirke (Snake:2)
  2 greater nagas (Snake:3)
  Snorg (Snake:2)
  Josephine (Orc:4)
  Harold (D:11)
  A ravenous feature mimic (Snake:2)
  4 naga warriors
  2 dancing weapons (D:13)
  6 anacondas
  A hydra (Lair:2)
  The ghost of Leibowitz the Nimble, a powerful KoBe of Trog (D:10)
  A tengu warrior (D:13)
  3 orc high priests (Orc:4)
  5 shock serpents
  4 hell hogs (Abyss:1)
  A thrashing horror (Abyss:1)
  9 naga sharpshooters
  Nergalle (Lair:2)
  2 salamander mystics
  A wretched star (Abyss:1)
  3 large abominations (Abyss:1)
  A spatial maelstrom (Abyss:1)
  A skeletal warrior (Abyss:1)
  An unseen horror (D:11)
  Pikel (D:5)
  7 hill giants
  Joseph (D:10)
  2 harpies (Snake:2)
  6 orc knights
  3 orc sorcerers (Orc:4)
  5 salamanders
  A sixfirhy (Abyss:1)
  3 griffons
  3 cyclopes
  A flaming corpse (Abyss:1)
  4 mana vipers
  A manticore (D:14)
  17 black mambas
  A mermaid (Lair:5)
  2 worldbinders (Abyss:1)
  14 elephants
  12 naga magi
  2 feature mimics
  A gargoyle (D:9)
  2 smoke demons (Abyss:1)
  An orange demon (Abyss:1)
  Psyche (D:9)
  A hellwing (Abyss:1)
  A kobold demonologist (Abyss:1)
  7 spiny frogs
  6 trolls
  3 fire drakes
  An efreet (D:13)
  An ancient zyme (Abyss:1)
  6 komodo dragons
  Grinder (D:4)
  A tengu conjurer (D:13)
  A raven (D:13)
  A freezing wraith (Abyss:1)
  Prince Ribbit (D:5)
  3 spectral orcs (Lair:2)
  A raiju (Abyss:1)
  A hydra skeleton (D:10)
  A trapdoor spider (D:13)
  A wyvern (D:11)
  An ugly thing (D:12)
  A deep elf mage (D:13)
  A flying skull (Abyss:1)
  A spriggan (D:7)
  2 sharks (Lair:5)
  32 yaks
  An elephant slug (Lair:7)
  2 ynoxinuls (Orc:4)
  2 wraiths
  A chaos spawn (Orc:4)
  A hill giant zombie (D:9)
  5 hogs (Snake:2)
  Grum (D:9)
  12 wolves
  3 hippogriffs
  A spatial vortex (Abyss:1)
  A warg (Orc:2)
  10 porcupines
  5 hungry ghosts
  35 nagas
  3 hell hounds (Abyss:1)
  28 orc warriors
  20 water moccasins
  A necrophage (D:7)
  A giant goldfish (Lair:5)
  4 sky beasts
  2 ice beasts
  A yellow wasp (D:11)
  3 black bears
  6 small abominations (Abyss:1)
  5 phantoms
  5 centaurs
  3 ogres
  13 crocodiles
  Duvessa (D:8)
  A brain worm (Abyss:1)
  6 giant slugs
  2 big kobolds (Abyss:1)
  20 giant frogs
  4 cyclops zombies
  3 insubstantial wisps (Abyss:1)
  18 killer bees
  6 scorpions
  8 wights
  4 electric eels
  An eye of draining (Abyss:1)
  A yak skeleton (Orc:4)
  Dowan (D:8)
  3 big fish
  A troll skeleton (D:9)
  2 crimson imps
  21 starcursed masses (Abyss:1)
  25 orc priests
  3 goliath beetles
  2 iron imps (Abyss:1)
  3 centaur zombies
  15 hounds
  A two-headed ogre zombie (D:7)
  2 jellies
  41 orc wizards
  A basilisk skeleton (D:13)
  5 iguanas
  8 worker ants
  A killer bee zombie (D:7)
  5 ogre zombies (D:9)
  5 sheep (Lair:7)
  2 ogre skeletons
  A hound zombie (D:7)
  A mummy (D:8)
  A hound skeleton (D:6)
  A gnoll (D:5)
  25 adders
  39 green rats
  A scorpion zombie (D:5)
  A shadow imp (D:5)
  A giant mite (D:4)
  2 worms
  A white imp (Abyss:1)
  An orc simulacrum (Orc:4)
  An adder zombie (D:8)
  2 giant eyeballs
  6 giant geckos
  218 orcs
  3 ball pythons
  16 bats
  6 giant cockroaches
  20 hobgoblins
  12 jackals
  19 kobolds
  15 quokkas
  4 giant newts
  21 goblins
  3 goblin skeletons
  2 goblin zombies (D:9)
  3 hobgoblin skeletons
  5 hobgoblin zombies
  3 orc skeletons
  18 orc zombies
  18 rats
  8 rat skeletons (Orc:4)
  A ballistomycete (D:11)
  A butterfly (Lair:6)
  12 fungi
  5 plants
  A starspawn tentacle (Abyss:1)
1119 creatures vanquished.

Vanquished Creatures (others)
  A naga mage (Snake:3)
  A water moccasin (Snake:2)
  A yak skeleton (Orc:4)
  A hound (D:13)
  2 giant spores
  A lurking horror (Abyss:1)
  An orc (Orc:4)
  3 rat skeletons (Orc:4)
  A fungus (Lair:2)
  2 plants (Lair:2)
  11 starspawn tentacles (Abyss:1)
  48 starspawn tentacle segments (Abyss:1)
73 creatures vanquished.

Grand Total: 1192 creatures vanquished

Notes
Turn   | Place    | Note
--------------------------------------------------------------
     0 | D:1      | Heini, the Hill Orc Fighter, began the quest for the Orb.
     0 | D:1      | Reached XP level 1. HP: 19/19 MP: 1/1
   141 | D:1      | Reached XP level 2. HP: 18/27 MP: 2/2
   225 | D:1      | Found a shattered altar of Ashenzari.
   614 | D:2      | Reached skill level 4 in Fighting
   635 | D:2      | Reached XP level 3. HP: 7/33 MP: 3/3
  1260 | D:2      | Reached XP level 4. HP: 37/41 MP: 4/4
  2102 | D:3      | Reached XP level 5. HP: 38/47 MP: 5/5
  2185 | D:4      | Reached skill level 5 in Fighting
  2318 | D:4      | Noticed Grinder
  2342 | D:4      | Paralysed by Grinder for 5 turns
  2352 | D:4      | Killed Grinder
  2352 | D:4      | Reached skill level 5 in Axes
  2352 | D:4      | Reached skill level 5 in Armour
  2352 | D:4      | Reached XP level 6. HP: 16/56 MP: 6/6
  2517 | D:4      | Reached skill level 6 in Armour
  2644 | D:4      | Found a staircase to the Ecumenical Temple.
  2697 | Temple   | Entered the Ecumenical Temple
  2705 | Temple   | Became a worshipper of Warmaster Okawaru
  3225 | D:4      | Reached XP level 7. HP: 10/61 MP: 7/7
  3237 | D:4      | HP: 3/62 [killer bee (7)]
  3507 | D:5      | Entered Level 5 of the Dungeon
  3902 | D:5      | Reached skill level 7 in Armour
  4031 | D:5      | Noticed Prince Ribbit
  4048 | D:5      | Killed Prince Ribbit
  4048 | D:5      | Acquired Okawaru's first power
  4048 | D:5      | Reached XP level 8. HP: 37/70 MP: 8/8
  4599 | D:5      | Noticed Pikel
  5112 | D:5      | Reached skill level 8 in Armour
  5322 | D:5      | Killed Pikel
  5322 | D:5      | Reached XP level 9. HP: 61/79 MP: 6/9
  5406 | D:6      | Reached skill level 9 in Axes
  5431 | D:6      | HP: 2/79 [scorpion (8)]
  6014 | D:6      | Paralysed by a giant eyeball for 4 turns
  6021 | D:6      | Paralysed by a giant eyeball for 4 turns
  6323 | D:6      | Reached skill level 1 in Invocations
  6917 | D:7      | Reached skill level 10 in Axes
  7959 | D:8      | Reached skill level 11 in Axes
  7988 | D:8      | Reached XP level 10. HP: 19/90 MP: 12/12
  8232 | D:8      | Reached skill level 10 in Armour
  8384 | D:8      | Found a flagged portal.
  8394 | Bailey   | Entered a bailey
  8664 | Bailey   | Noticed an orc knight
  8664 | Bailey   | Noticed an orc knight
  9218 | Bailey   | Killed an orc knight
  9218 | Bailey   | Reached skill level 12 in Axes
  9702 | D:8      | Noticed Duvessa
  9703 | D:8      | Noticed Dowan
  9720 | D:8      | Killed Duvessa
  9732 | D:8      | Killed Dowan
  9792 | D:8      | Reached skill level 1 in Evocations
 10265 | D:9      | Found a staircase to the Orcish Mines.
 10313 | D:9      | Acquired Okawaru's second power
 10523 | D:9      | Reached skill level 10 in Fighting
 10579 | D:9      | Noticed Grum
 10608 | D:9      | Killed Grum
 10608 | D:9      | Reached skill level 13 in Axes
 10630 | D:9      | Reached XP level 11. HP: 18/100 MP: 13/13
 11185 | D:9      | Noticed Psyche
 11205 | D:9      | Killed Psyche
 11445 | D:9      | Found a snail-covered altar of Cheibriados.
 11450 | D:9      | Found a bloodstained altar of Trog.
 11451 | D:9      | Found a deep blue altar of Sif Muna.
 11455 | D:9      | Found a glowing silver altar of Zin.
 11860 | Orc:1    | Entered Level 1 of the Orcish Mines
 11893 | D:10     | Entered Level 10 of the Dungeon
 11906 | D:10     | Reached skill level 14 in Axes
 11923 | D:10     | Found a staircase to the Lair.
 12136 | D:10     | Noticed Leibowitz's ghost (powerful KoBe)
 12193 | D:10     | Killed Leibowitz's ghost
 12232 | D:10     | Noticed a hill giant
 12244 | D:10     | Killed a hill giant
 12292 | D:10     | Found Hagaeh's Weapon Emporium.
 12330 | D:10     | Received a gift from Okawaru
 12378 | D:10     | Bought a +2,+4 war axe of flaming for 454 gold pieces
 12405 | D:10     | Noticed Joseph
 12421 | D:10     | Killed Joseph
 12421 | D:10     | Reached skill level 15 in Axes
 12755 | D:10     | Noticed a hill giant
 12774 | D:10     | Killed a hill giant
 12781 | Lair:1   | Entered Level 1 of the Lair of Beasts
 12981 | Lair:1   | Reached XP level 12. HP: 89/110 MP: 16/16
 13282 | Lair:1   | Found an ancient bone altar of Kikubaaqudgha.
 13897 | Lair:2   | Noticed Nergalle
 13937 | Lair:2   | Killed Nergalle
 14032 | Lair:2   | Reached skill level 16 in Axes
 14520 | Lair:2   | Noticed a seven-headed hydra
 14528 | Lair:2   | Killed a three-headed hydra
 14766 | Lair:2   | Received a gift from Okawaru
 14767 | Lair:2   | Got a dazzling helmet {god gift}
 14770 | Lair:2   | Identified the +2 helmet "Koshroink" {Str+3 SInv} (Okawaru gifted it to you on level 2 of the Lair of Beasts)
 14845 | Lair:3   | Found a staircase to the Snake Pit.
 14926 | Snake:1  | Entered Level 1 of the Snake Pit
 14935 | Snake:1  | Noticed a naga warrior
 14939 | Snake:1  | Noticed an anaconda
 14959 | Lair:3   | Killed an anaconda
 15367 | Lair:3   | Reached skill level 17 in Axes
 15580 | Lair:3   | Reached XP level 13. HP: 102/119 MP: 17/17
 16243 | Lair:3   | Identified a scroll of acquirement
 16314 | Snake:1  | Killed a naga warrior
 18111 | Lair:5   | Reached skill level 18 in Axes
 18448 | Lair:5   | Found a staircase to the Shoals.
 18737 | Lair:6   | Found a staircase to the Slime Pits.
 18738 | Lair:6   | Found a viscous altar of Jiyva.
 19967 | Lair:7   | Received a gift from Okawaru
 19979 | Lair:7   | Got a bloodstained plate armour {god gift}
 20001 | Lair:7   | Identified the +13 plate armour of Cruelyunn {Int+3 Acc+5} (Okawaru gifted it to you on level 7 of the Lair of Beasts)
 20562 | D:11     | Noticed Harold
 20575 | D:11     | Killed Harold
 20575 | D:11     | Reached skill level 19 in Axes
 21198 | D:11     | Reached XP level 14. HP: 132/132 MP: 18/18
 21791 | D:12     | Found a flickering gateway to a bazaar.
 21801 | Bazaar   | Entered a bazaar
 21826 | Bazaar   | Found Someyw's Food Boutique.
 21861 | Bazaar   | Found Estrau's Distillery.
 21894 | Bazaar   | Found Twaank's Food Emporium.
 21957 | Bazaar   | Found Saza's Food Shoppe.
 22021 | Bazaar   | Found Geats' Jewellery Emporium.
 22094 | Bazaar   | Bought the ring "Vaenuek" {rPois rN+ Stlth++} for 405 gold pieces
 22174 | D:12     | Found a staircase to the Orcish Mines.
 22180 | D:12     | the staircase to the Orcish Mines was a mimic.
 22187 | D:12     | Found a roughly hewn altar of Beogh.
 22227 | D:12     | Found Leotam's Jewellery Boutique.
 22275 | D:12     | Found Kinigi Lamesk's Magic Scroll Boutique.
 22278 | D:12     | Bought a scroll of identify for 28 gold pieces
 22383 | D:12     | Found Sialuasara's Assorted Antiques.
 22559 | D:12     | Found Ogikesuh's Weapon Shop.
 23149 | D:13     | Found a gate to the Vaults.
 23942 | D:12     | Reached skill level 15 in Fighting
 23942 | D:12     | Reached skill level 20 in Axes
 24336 | Orc:1    | Found Kaist's Food Shop.
 24528 | Orc:2    | Received a gift from Okawaru
 24637 | Orc:3    | Found Bonyroo's Book Shoppe.
 25613 | Orc:2    | Found a roughly hewn altar of Beogh.
 25844 | Orc:4    | Entered Level 4 of the Orcish Mines
 25844 | Orc:4    | Found a staircase to the Elven Halls.
 26180 | Orc:4    | Noticed Josephine
 26196 | Orc:4    | Killed Josephine
 26351 | Orc:4    | Received a gift from Okawaru
 26352 | Orc:4    | Found Nat Giaw's Distillery.
 26365 | Orc:4    | Got a warped chain mail {god gift}
 26397 | Orc:4    | Identified the +0 chain mail of Terror {+Inv Str-1} (Okawaru gifted it to you on level 4 of the Orcish Mines)
 26434 | Orc:4    | Found Ismagad's Weapon Boutique.
 26436 | Orc:4    | Found Hyaschoas' Jewellery Shoppe.
 26436 | Orc:4    | Found Smexup's Distillery.
 26442 | Orc:4    | Bought a potion of beneficial mutation for 420 gold pieces
 26444 | Orc:4    | Gained mutation: Your digestive system is specialised to digest meat. [potion of beneficial mutation]
 26448 | Orc:4    | Bought a potion of beneficial mutation for 490 gold pieces
 26506 | Orc:4    | Gained mutation: Your digestive system is highly specialised to digest meat. [potion of beneficial mutation]
 27127 | Snake:1  | Reached skill level 21 in Axes
 27127 | Snake:1  | Reached XP level 15. HP: 91/143 MP: 19/19
 27311 | Snake:1  | Noticed a naga warrior
 27316 | Snake:1  | Noticed a shock serpent
 27325 | Snake:1  | Killed a shock serpent
 27338 | Snake:1  | Killed a naga warrior
 27526 | Snake:1  | Found Twaowehi's Book Emporium.
 27801 | Snake:2  | Noticed Kirke
 27818 | Snake:2  | Killed Kirke
 28123 | Snake:2  | Noticed Snorg
 28134 | Snake:2  | Killed Snorg
 28766 | Snake:2  | Found Medgh's Food Shop.
 28811 | Snake:2  | Reached skill level 22 in Axes
 29253 | Snake:3  | Received a gift from Okawaru
 29331 | Snake:3  | Reached skill level 15 in Armour
 29484 | Snake:3  | Noticed a greater naga
 29923 | Snake:3  | Noticed a greater naga
 29935 | Snake:3  | Killed a greater naga
 30056 | Snake:3  | Killed a greater naga
 30434 | Snake:3  | Noticed a greater naga
 30806 | Snake:3  | Reached XP level 16. HP: 76/152 MP: 20/20
 31708 | Snake:4  | Cast into the Abyss (a Zot trap)
 32178 | Abyss:1  | Reached skill level 23 in Axes
 32214 | Abyss:1  | Received a gift from Okawaru
 32340 | Abyss:1  | Found a corrupted altar of Lugonu.
 32396 | Abyss:1  | Paralysed by accursed screaming for 1 turns
 32404 | Abyss:1  | Paralysed by accursed screaming for 2 turns
 32441 | Abyss:1  | Noticed a tentacled starspawn
 32470 | Abyss:1  | Killed a tentacled starspawn
 32524 | Abyss:1  | Noticed a tentacled starspawn
 32537 | Abyss:1  | Killed a tentacled starspawn
 32540 | Abyss:1  | Noticed a tentacled starspawn
 32545 | Abyss:1  | Killed a tentacled starspawn
 32565 | Abyss:1  | Found a corrupted altar of Lugonu.
 32588 | Abyss:1  | Slain by an apocalypse crab

Action                   |  1- 3 |  4- 6 |  7- 9 | 10-12 | 13-15 | 16-18 || total
-------------------------+-------+-------+-------+-------+-------+-------++-------
Melee: War axe           |    79 |       |       |   380 |  1566 |   289 ||  2314
       Hand axe          |    31 |   182 |   479 |   809 |       |       ||  1501
       Broad axe         |       |       |       |       |    61 |       ||    61
Invok: Heroism           |       |       |     3 |     4 |     4 |     2 ||    13
 Abil: Evoke Flight      |       |       |       |       |     1 |       ||     1
Evoke: Wand              |       |       |       |    18 |     6 |       ||    24
  Use: Scroll            |     7 |     3 |     6 |     7 |    16 |     1 ||    40
       Potion            |       |     5 |     4 |       |     3 |     2 ||    14
 Stab: Distracted        |       |       |       |       |       |     1 ||     1
